 Dungeon Crawl Stone Soup version 0.25.1-8-g42b30a86e7 (webtiles) character file.

Game seed: 11232900785250649456

48118 KamiKatze the Cleaver (level 14, -1/113 HPs)
             Began as a Formicid Fighter on Dec 18, 2020.
             Was the Champion of Okawaru.
             Slain by a two-headed ogre
             ... wielding a +0 giant club
              (22 damage)
             ... on level 2 of the Orcish Mines on Dec 19, 2020.
             The game lasted 01:36:52 (19603 turns).

KamiKatze the Cleaver (Formicid Fighter)           Turns: 19603, Time: 01:36:53

Health: -1/113     AC: 20    Str: 31    XL:     14   Next: 85%
Magic:  22/22      EV: 16    Int:  9    God:    Okawaru [******]
Gold:   2815       SH: 18    Dex: 10    Spells: 13/13 levels left

rFire    + . .     SeeInvis +   a - +0 broad axe
rCold    . . .     Gourm    .   D - +0 kite shield {rF+}
rNeg     . . .     Faith    .   l - +2 chain mail {rPois}
rPois    +         Spirit   .   (helmet unavailable)
rElec    .         Reflect  +   Q - +1 cloak (curse)
rCorr    .         Harm     .   o - +0 pair of gloves
MR       +....                  Y - +1 pair of boots
Stlth    ..........             S - amulet of reflection
HPRegen  0.28/turn              M - +4 ring of evasion
MPRegen  0.18/turn              W - +6 ring of strength

@: no status effects
A: permanent stasis, dig shafts and tunnels, four strong arms, antennae 3
a: Dig, Shaft Self, Heroism, Finesse, Renounce Religion


You were on level 2 of the Orcish Mines.
You worshipped Okawaru.
Okawaru was exalted by your worship.
You were hungry.

You visited 4 branches of the dungeon, and saw 21 of its levels.
You also visited: Volcano.

You collected 3170 gold pieces.
You spent 355 gold pieces at shops.

Inventory:

Hand Weapons
 a - a +0 broad axe (weapon)
 b - a +4 vorpal battleaxe
 e - a +1 trident of flaming
 i - a +2 demon whip of flaming
 p - a +4 scimitar of flaming
 q - a +2 morningstar of holy wrath
 v - a +0 battleaxe
 w - a +1 hand axe of flaming
 C - a +2 quick blade of flaming
Missiles
 A - 5 throwing nets
 B - 24 boomerangs (quivered)
 J - 427 stones
 R - 17 poisoned darts
Armour
 l - a +2 chain mail of poison resistance (worn)
 o - a +0 pair of gloves (worn)
 s - the +2 plate armour of the Crushed Towns {MR++ Dex+3 Stlth+}
   (Okawaru gifted it to you in a volcano)

   It affects your dexterity (+3).
   It affects your resistance to hostile enchantments.
   It makes you more stealthy.
 D - a +0 kite shield of fire resistance (worn)
 Q - a cursed +1 cloak (worn)
 Y - a +1 pair of boots (worn)
Jewellery
 n - an uncursed ring of fire
 M - a +4 ring of evasion (left hand)
 O - an uncursed ring of protection from cold
 S - an amulet of reflection (around neck)
 W - a +6 ring of strength (right hand)
Wands
 t - a wand of paralysis (10)
 K - a wand of digging (5)
 L - a wand of clouds (3)
 N - a wand of iceblast (9)
 T - a wand of disintegration (17)
 V - a wand of flame (10)
Scrolls
 h - 11 scrolls of remove curse
 j - 3 scrolls of identify
 m - 2 scrolls of magic mapping
 u - a scroll of holy word
 Z - 3 scrolls of fear
Potions
 d - 2 potions of might
 g - 2 potions of resistance
 k - 2 potions of lignification
 r - 2 potions of stabbing
 x - 5 potions of heal wounds
 z - a potion of flight
 H - 3 potions of curing
 I - a potion of magic
 P - 2 potions of brilliance
 U - 2 potions of invisibility
Miscellaneous
 y - a phantom mirror
Comestibles
 f - 34 rations


   Skills:
 + Level 11.3 Fighting
 * Level 13.8 Axes
 + Level 11.3 Armour
 + Level 7.1 Dodging
 + Level 10.6 Shields
 + Level 11.4 Invocations
 - Level 3.0 Evocations


You had 13 spell levels left.
You didn't know any spells.
Your spell library contained the following spells:

 Spells                   Type           Power        Failure   Level  Hunger
 Animate Skeleton         Necr           N/A          82%         1    ##.....
 Apportation              Tloc           #.....       82%         1    ##.....
 Corona                   Hex            #......      82%         1    ##.....
 Magic Dart               Conj           #...         82%         1    ##.....
 Summon Small Mammal      Summ           #...         82%         1    ##.....
 Searing Ray              Conj           #.....       91%         2    ###....
 Dazzling Flash           Conj/Hex       #.....       99%         3    ####...
 Recall                   Summ/Tloc      N/A          99%         3    ####...
 Animate Dead             Necr           N/A          100%        4    #####..
 Cause Fear               Hex            #.........   100%        4    #####..
 Fulminant Prism          Conj/Hex       #.........   100%        4    #####..
 Iskenderun's Mystic Bla  Conj/Tloc      #.......     100%        4    #####..
 Borgnjor's Vile Clutch   Necr/Erth      #.........   100%        5    ######.
 Silence                  Hex/Air        #.........   100%        5    ######.
 Yara's Violent Unravell  Hex/Tmut       #.........   100%        5    ######.
 Death Channel            Necr           #.........   100%        6    #######
 Simulacrum               Ice/Necr       #.........   100%        6    #######
 Discord                  Hex            #.........   100%        8    #######


Dungeon Overview and Level Annotations

Branches:
Dungeon (13/15)            Temple (1/1) D:4            Lair (5/6) D:11
  Swamp (0/4) Lair:3        Snake (0/4) Lair:4          Orc (2/2) D:12
    Elf (0/3) Orc:2       Volcano (visited)
  Slime: Lair:5-6    Vaults: D:13-14

Altars:
Ashenzari
Cheibriados
Dithmenos
Elyvilon
Fedhas
Gozag
Hepliaklqana
Kikubaaqudgha
Makhleb
Nemelex Xobeh
Okawaru
Qazlal
Ru
Sif Muna
Trog
Uskayaw
Vehumet
Wu Jian
Xom
Yredelemnul
Zin
The Shining One
Beogh

Shops:
D:4 *   D:12 *}(:}

Annotations:
D:6 2 runed translucent doors, JohnSpartan's ghost, novice TrMo
Lair:6 enter here!


Innate Abilities, Weirdness & Mutations

You cannot be hasted, slowed, berserked, paralysed or teleported.
You can dig through walls and to a lower floor.
Your four strong arms can wield two-handed weapons with a shield.
You have a pair of large antennae on your head. (SInv)


Message History

You block the ogre mage's attack.
The ogre mage gestures wildly while chanting.
The ogre mage blinks!
The ogre mage casts a spell at you. The bolt of poison misses you.
The ogre mage hits you but does no damage.
The ogre mage gestures at you while chanting.
You easily resist.
The ogre mage casts a spell at the ogre.
The ogre seems to speed up.
A two-headed ogre comes into view.
It is wielding a +0 giant club and a +0 giant spiked club.
The ogre mage casts a spell at you. The crystal spear hits you!!
* * * LOW HITPOINT WARNING * * *
The ogre mage points at you and mumbles some strange words.
You easily resist.
You hear a shout!
You hear a shout!
The two-headed ogre hits you with a +0 giant club!!
You die...

# **,*,#.........{......,,,,,,,,
##*****,*#.....OO{{{.{...,,,,,,,,
.#*,**,,,######O#########**,,,,,,
.#,,,,,,** ##.[.# ****,,,,*,,,
###.##,######..O## **,*,,,,*,,,,
.#...###..##.....## *,,,,,,,,,,,,
.....##....##..OO.# **,,,,,,,,,,,
....#*##..#.#..O.## ***,,*,*,*,,
....# ##.##....@.# *********,
...#####..........#### #####
..#.#.#...........##.# ##.#.#
....#..#......#......### #.....
..............#......#.#####..#.#
..............##.........##...###
.#.............##.........#..##
##..........#..##.<..........#
.#..........................##


You could see 2 two-headed ogres, 2 ogre magi and 2 ogres.

Vanquished Creatures
  Jorgrun (D:12)
  Gastronok (D:10)
  Harold (D:8)
  5 hydras
  An ogre mage (Orc:2)
  5 two-headed ogres
  An orc high priest (Orc:1)
  An unseen horror (D:12)
  2 orc knights
  An ugly thing (D:13)
  2 cyclopes
  2 orc sorcerers (Orc:1)
  9 elephants
  Maurice (D:8)
  2 black mambas
  A molten gargoyle (Volcano)
  A torpor snail (Lair:2)
  9 spiny frogs
  Psyche (D:8)
  3 efreet (Volcano)
  3 komodo dragons
  A rime drake (Lair:5)
  A troll (Orc:1)
  Grinder (D:6)
  Prince Ribbit (D:6)
  4 blink frogs (Lair:4)
  5 dream sheep (Lair:4)
  A shadow (D:6)
  8 hippogriffs
  A wraith (D:13)
  Grum (D:8)
  2 basilisks (Lair:5)
  5 fire elementals (Volcano)
  6 vampire mosquitoes
  34 yaks
  2 hungry ghosts (D:7)
  2 wargs (Orc:1)
  2 soldier ants
  An acid dragon (D:12)
  17 water moccasins
  5 porcupines
  An eye of draining (D:12)
  4 ice beasts
  11 orc warriors
  2 sky beasts (D:12)
  3 black bears
  2 centaurs
  18 ogres
  11 wolves
  9 crocodiles
  16 bullfrogs
  3 earth elementals (Volcano)
  A wyvern skeleton (D:9)
  2 scorpions
  5 wights (D:12)
  6 killer bees
  6 howler monkeys
  9 crimson imps
  A centaur zombie (D:6)
  7 jellies
  A quasit (D:9)
  4 centaur skeletons
  5 hounds
  16 orc wizards
  2 bullfrog zombies
  6 orc priests
  A gnoll shaman (D:4)
  7 bullfrog skeletons
  Jessica (D:2)
  6 worker ants
  3 iguanas
  Ijyb (D:4)
  2 hound skeletons
  Robin (D:2)
  A howler monkey skeleton (D:7)
  11 adders
  3 gnolls
  2 shadow imps
  7 oozes
  An adder zombie (D:8)
  An adder skeleton (D:9)
  5 worms
  3 dart slugs
  6 leopard geckos
  57 orcs
  3 ball pythons
  6 giant cockroaches
  14 goblins
  8 hobgoblins
  11 jackals
  10 kobolds
  2 quokkas
  9 bats
  3 frilled lizards
  A leopard gecko skeleton (D:3)
  A leopard gecko zombie (D:7)
  15 rats
  5 fungi
  A plant (Lair:4)
512 creatures vanquished.

Vanquished Creatures (others)
  2 fire vortices (Volcano)
  4 fungi
  2 plants
8 creatures vanquished.

Grand Total: 520 creatures vanquished

Notes
Turn   | Place    | Note
-------+----------+-------------------------------------------
     0 | D:1      | KamiKatze the Formicid Fighter began the quest for the Orb.
     0 | D:1      | Reached XP level 1. HP: 18/18 MP: 1/1
   208 | D:1      | Reached XP level 2. HP: 13/24 MP: 2/2
   530 | D:1      | Reached XP level 3. HP: 25/29 MP: 3/3
   951 | D:2      | Noticed Robin
  1162 | D:2      | Killed Robin
  1376 | D:2      | Noticed Jessica
  1394 | D:2      | Killed Jessica
  1394 | D:2      | Reached skill level 1 in Dodging
  1394 | D:2      | Reached XP level 4. HP: 26/36 MP: 4/4
  1433 | D:2      | Reached skill level 3 in Axes
  1692 | D:2      | Reached XP level 5. HP: 42/42 MP: 5/5
  2839 | D:3      | Reached skill level 5 in Shields
  2839 | D:3      | Reached XP level 6. HP: 41/48 MP: 6/6
  3102 | D:4      | Reached skill level 4 in Axes
  3139 | D:4      | Reached XP level 7. HP: 45/54 MP: 7/7
  3189 | D:4      | Found a staircase to the Ecumenical Temple.
  3195 | Temple   | Entered the Ecumenical Temple
  3204 | Temple   | Became a worshipper of Warmaster Okawaru
  3299 | D:4      | Noticed Ijyb
  3324 | D:4      | Killed Ijyb
  3400 | D:4      | Found a snail-covered altar of Cheibriados.
  3463 | D:4      | Found Vusie's Assorted Antiques.
  3723 | D:4      | Bought an amethyst potion for 19 gold pieces
  3723 | D:4      | Bought a scroll labeled JAGA GURIO for 22 gold pieces
  3804 | D:5      | Entered Level 5 of the Dungeon
  3850 | D:5      | Learned a level 1 spell: Apportation
  4325 | D:5      | Reached XP level 8. HP: 61/61 MP: 8/8
  4367 | D:5      | Reached * piety under Okawaru
  4367 | D:5      | Reached skill level 5 in Axes
  4367 | D:5      | Reached skill level 1 in Invocations
  4604 | D:6      | Reached skill level 5 in Armour
  4821 | D:6      | Reached skill level 5 in Fighting
  5182 | D:6      | Found a runed translucent door.
  5182 | D:6      | Noticed JohnSpartan's ghost (novice TrMo)
  5190 | D:6      | Noticed Grinder
  5199 | D:6      | Killed Grinder
  5199 | D:6      | Reached ** piety under Okawaru
  5199 | D:6      | Reached skill level 6 in Axes
  5199 | D:6      | Reached XP level 9. HP: 57/68 MP: 10/10
  5208 | D:6      | Found a runed translucent door.
  5627 | D:6      | Reached skill level 7 in Axes
  6066 | D:7      | Reached *** piety under Okawaru
  6154 | D:7      | Noticed Prince Ribbit
  6450 | D:6      | Killed Prince Ribbit
  6945 | D:7      | Reached XP level 10. HP: 69/77 MP: 11/11
  6973 | D:7      | Reached skill level 8 in Axes
  7159 | D:8      | Noticed Harold
  7160 | D:8      | Noticed a two-headed ogre
  7175 | D:8      | Killed a two-headed ogre
  7175 | D:8      | Reached **** piety under Okawaru
  7177 | D:8      | Killed Harold
  7177 | D:8      | Reached skill level 9 in Axes
  7334 | D:8      | Noticed a two-headed ogre
  7360 | D:8      | HP: 1/79 [two-headed ogre/+0 giant spiked club (20)]
  7362 | D:8      | Killed a two-headed ogre
  7362 | D:8      | Reached ***** piety under Okawaru
  7536 | D:8      | Noticed Psyche
  7558 | D:8      | Killed Psyche
  7678 | D:8      | Reached XP level 11. HP: 73/86 MP: 13/13
  7699 | D:8      | Noticed Grum
  7730 | D:8      | Killed Grum
  7730 | D:8      | Reached skill level 10 in Axes
  8054 | D:8      | Noticed Maurice
  8084 | D:8      | Killed Maurice
  8557 | D:9      | Reached skill level 5 in Invocations
  8853 | D:9      | Reached skill level 1 in Evocations
  9035 | D:9      | Got a faintly humming scale mail
  9046 | D:9      | Identified the +1 scale mail "Oste" {rN+ Int+4} (You found
                  | it on level 9 of the Dungeon)
  9166 | D:10     | Entered Level 10 of the Dungeon
  9168 | D:10     | Noticed a two-headed ogre
  9184 | D:10     | Killed a two-headed ogre
  9194 | D:10     | Noticed Gastronok
  9298 | D:10     | Killed Gastronok
  9544 | D:10     | Received a gift from Okawaru
  9850 | D:11     | Noticed a cyclops
 10179 | D:11     | Reached XP level 12. HP: 77/94 MP: 16/16
 10588 | D:11     | Found a staircase to the Lair.
 10929 | D:12     | Noticed Jorgrun
 10956 | Lair:1   | Entered Level 1 of the Lair of Beasts
 11055 | D:12     | Killed Jorgrun
 11055 | D:12     | Reached skill level 11 in Axes
 11240 | D:12     | Found a staircase to the Orcish Mines.
 11367 | D:12     | Received a gift from Okawaru
 11368 | D:12     | Found Mefront's General Store.
 11491 | D:12     | Noticed an unseen horror
 11509 | D:12     | Killed an unseen horror
 11606 | D:12     | Found Atotael's Gadget Emporium.
 11611 | D:12     | Noticed an eight-headed hydra
 11659 | D:11     | Killed an eight-headed hydra
 11687 | D:12     | Found Winulyuk's Gadget Emporium.
 11712 | D:12     | Found Rutoarr's Book Shoppe.
 11714 | D:12     | Found Haxkas's Antique Weapon Emporium.
 11935 | D:13     | Received a gift from Okawaru
 11948 | D:13     | Reached skill level 5 in Dodging
 11950 | D:13     | Received a gift from Okawaru
 11950 | D:13     | Reached XP level 13. HP: 102/102 MP: 12/19
 11960 | D:13     | Reached skill level 12 in Axes
 11975 | D:13     | Identified a scroll of acquirement
 11993 | D:12     | Acquired 1570 gold pieces
 12020 | D:12     | Bought a +2 chain mail of poison resistance for 314 gold
                  | pieces
 12745 | Lair:1   | Reached skill level 10 in Armour
 12973 | Lair:2   | Reached skill level 10 in Fighting
 13165 | Lair:2   | Noticed a seven-headed hydra
 13178 | Lair:2   | Killed a seven-headed hydra
 13178 | Lair:2   | Reached skill level 10 in Invocations
 13278 | Lair:2   | Noticed an eight-headed hydra
 13313 | Lair:2   | Killed a nine-headed hydra
 14180 | Lair:3   | Found a staircase to the Swamp.
 14332 | Lair:3   | Noticed a six-headed hydra
 14351 | Lair:3   | Killed a six-headed hydra
 14609 | Lair:3   | Reached ****** piety under Okawaru
 14615 | Lair:3   | Received a gift from Okawaru
 14628 | Lair:3   | Got a fabulously ornate robe {god gift}
 14909 | Lair:3   | Identified the +5 robe of Hedging {-Cast rElec rPois Str+5}
                  | (Okawaru gifted it to you on level 3 of the Lair of Beasts)
 15031 | Lair:4   | Found a staircase to the Snake Pit.
 15233 | Lair:4   | Reached XP level 14. HP: 78/111 MP: 21/21
 15249 | Lair:4   | Reached skill level 13 in Axes
 15834 | Lair:4   | Got a crude garnet amulet
 16205 | Lair:5   | Reached skill level 10 in Shields
 16334 | Lair:5   | Identified the amulet "Vimug" {Faith rElec rF- rN+++ Dex+5}
                  | (You found it on level 4 of the Lair of Beasts)
 17468 | Orc:1    | Entered Level 1 of the Orcish Mines
 17827 | Orc:2    | Entered Level 2 of the Orcish Mines
 17949 | Orc:2    | Found a dark tunnel.
 17959 | Volcano  | Entered a volcano
 18102 | Volcano  | Received a gift from Okawaru
 18111 | Volcano  | Got a transparent plate armour {god gift}
 18778 | Volcano  | Identified the +2 plate armour of the Crushed Towns {MR++
                  | Dex+3 Stlth+} (Okawaru gifted it to you in a volcano)
 19005 | Orc:2    | Found a staircase to the Elven Halls.
 19488 | Orc:2    | Found a roughly hewn altar of Beogh.
 19603 | Orc:2    | Slain by a two-headed ogre

Illustrated notes

Levels and vault maps discovered:
D:1:      dpeg_arrival_court, layout_loops_ring
D:2:      minmay_inner_zag, layout_basic, uniq_jessica, uniq_robin
D:3:      layout_basic
D:4:      layout_rooms, kennysheep_slug_shrine, minmay_temple_entry_trees,
          serial_shops, nicolae_shop_overgrown_old_shop, uniq_ijyb
D:5:      layout_gridville, first_ration
D:6:      kennysheep_spiral_hall, layout_basic, ebering_ghost_sewer_f,
          grunt_decor_clamped, uniq_grinder
D:7:      layout_rooms, uniq_prince_ribbit1
D:8:      minmay_the_grid_square_5x5_3x3
          [minmay_the_grid_square_5x5_three_walls,
          minmay_the_grid_square_5x5_inner_v,
          minmay_the_grid_square_5x5_three_small,
          minmay_the_grid_square_5x5_n_small,
          minmay_the_grid_square_5x5_megaprize_hollow,
          minmay_the_grid_square_5x5_six, minmay_the_grid_square_5x5_mess,
          minmay_the_grid_square_5x5_hollow_slash,
          minmay_the_grid_square_5x5_tetrominoes], layout_basic,
          hangedman_little_slice_of_home, minmay_starry_boxes, uniq_maurice,
          uniq_harold, uniq_psyche, uniq_grum
D:9:      layout_cave_pools, kennysheep_generic_room_4
D:10:     layout_basic, uniq_gastronok
D:11:     layout_gridville, lair_entry_dummy
D:12:     layout_small_grid, orc_david_3, serial_shops,
          nicolae_shop_behind_doors, shop, nicolae_shop_trees, shop,
          nicolae_shop_behind_doors, uniq_jorgrun
D:13:     layout_big_octagon, david_vaults_2, gammafunk_ghost_abyssal_escape,
          uniq_snorg, uniq_frances
Temple:   compressed_dpeg_triangle_lava_temple
Lair:1:   layout_roguey, lemuel_fruit_tree
Lair:2:   layout_cave_pods
Lair:3:   layout_misc_corridors, minmay_swamp_entry_swarm
Lair:4:   layout_cave_pods, minmay_snake_entry_six_corridors
Lair:5:   layout_loops_ring, chequers_serial_rivers_small_b, st_stairs_5,
          grunt_megastairs_4
Orc:1:    layout_diamond_mine
Orc:2:    st_orc_ogre_mass, layout_diamond_mine,
          nicolae_volcano_entry_two_sided, mines2_david

Skill      XL: |  1  2  3  4  5  6  7  8  9 10 11 12 13 14 |
---------------+-------------------------------------------+-----
Shields        | 4 5 6 7 8 9 10 | 10.6
Dodging        | 1 2 3 5 6 7 |  7.1
Axes           | 3 4 6 7 9 10 11 12 13 | 13.8
Fighting       | 4 5 6 8 9 10 11 | 11.3
Armour         | 4 5 6 8 9 10 11 | 11.3
Invocations    | 2 3 6 9 10 11 | 11.4
Evocations     | 3 |  3.0

Action                   |  1- 3 |  4- 6 |  7- 9 | 10-12 | 13-15 || total
-------------------------+-------+-------+-------+-------+-------++-------
Melee: War axe           |    97 |   163 |   312 |   420 |       ||   992
       Trident           |       |       |     2 |     3 |       ||     5
       Broad axe         |       |       |       |   235 |   863 ||  1098
       Morningstar       |       |       |       |     6 |    22 ||    28
Throw: Dart              |       |    11 |    41 |    24 |       ||    76
       Throwing net      |       |       |     2 |       |       ||     2
       Stone             |       |       |     1 |     1 |       ||     2
       Boomerang         |       |       |     1 |       |     6 ||     7
Invok: Heroism           |       |       |       |    10 |     5 ||    15
       Finesse           |       |       |       |     5 |     8 ||    13
  Use: Scroll            |       |       |    13 |     3 |    19 ||    35
       Potion            |       |       |     1 |     4 |       ||     5
  Eat: Chunk             |     2 |     6 |    10 |    15 |    18 ||    51
       Ration            |       |       |     1 |     3 |     2 ||     6
Armor: Scale mail        |    41 |    55 |    69 |       |       ||   165
       Chain mail        |       |       |     4 |   158 |   220 ||   382
       Skin              |       |       |       |    10 |       ||    10
       Plate armour      |       |       |       |       |     4 ||     4
Dodge: Dodged            |    29 |    68 |   119 |   236 |   338 ||   790
Block: Kite shield       |    58 |   109 |   194 |   434 |   690 ||  1485
       Reflection        |       |       |       |     5 |       ||     5
